 Dungeon Crawl Stone Soup version 0.30-a0-585-g93115170b9 (webtiles) character file.

Game seed: 12129317957301995872

144 drugrobin the Sneak (level 4, 0/37 HPs)
             Began as a Demigod Delver on Jan 2, 2023.
             Slain by a gnoll
             ... wielding a +0 spear
              (2 damage)
             ... on level 5 of the Dungeon.
             The game lasted 00:06:04 (1211 turns).

drugrobin the Sneak (Demigod Delver)                Turns: 1211, Time: 00:06:04

Health: 0/37       AC: 16    Str: 13    XL:     4   Next: 77%
Magic:  6/6        EV:  3    Int: 12    God:
Gold:   0          SH:  0    Dex: 19    Spells: 3/3 levels left

rFire   . . .      SeeInvis +    a - +0 falchion
rCold   + . .      Faith    .    (no shield)
rNeg    . . .      Spirit   .    e - +4 plate armour of the Cockatrice {rC+ rCorr SInv}
rPois   .          Reflect  .    (no helmet)
rElec   .          Harm     .    j - +1 cloak
rCorr   +          Rampage  .    (no gloves)
Will    .....                    (no boots) Stlth
                                 (no amulet)
HPRegen 0.26/turn                (no ring)
MPRegen 0.10/turn                (no ring)

@: no status effects
A: high MP 1, forlorn, divine attributes
a: no special abilities


You were on level 5 of the Dungeon.
You visited 1 branch of the dungeon, and saw 1 of its levels.
You also visited: Sewer.

Inventory:

Hand Weapons
 a - a +0 falchion (weapon)
 i - a +0 sling
 l - a +0 dagger of speed
Missiles
 m - 2 curare-tipped darts (quivered)
Armour
 b - a +0 leather armour
 e - the +4 plate armour of the Cockatrice (worn) {rC+ rCorr SInv}
   (You found it in a sewer)

   rC:        It protects you from cold.
   SInv:      It lets you see invisible.
   rCorr:     It protects you from acid and corrosion.
 j - a +1 cloak (worn)
Wands
 g - a wand of digging (3)
Scrolls
 c - a scroll of fog
 k - a scroll of identify {unknown}
Potions
 d - a potion of magic
 f - 3 potions of haste


   Skills:
 - Level 2.6 Fighting
 * Level 4.3 Long Blades
 - Level 2.6 Dodging
 - Level 4.5 Stealth


You had 3 spell levels left.
You didn't know any spells.
Your spell library was empty.

Dungeon Overview and Level Annotations

Branches:
Dungeon (5/15)             Temple (0/1) D:5           Sewer (visited)


Innate Abilities, Weirdness & Mutations

You have an increased reservoir of magic. (+10% MP)
You shall have no god before yourself.
Your divine heritage dramatically boosts your attributes as you level up.


Message History

The gnoll is moderately wounded.
The gnoll hits you but does no damage. x3
You closely miss the gnoll.
The gnoll is moderately wounded.
The gnoll hits you but does no damage. The gnoll hits you with a +0 spear.
The gnoll hits you with a +0 club.
You are too injured to fight recklessly!
You are too injured to fight recklessly!
You are too injured to fight recklessly!
You are too injured to fight recklessly!
You are too injured to fight recklessly!
You are too injured to fight recklessly!
You are too injured to fight recklessly!
You are too injured to fight recklessly!
You are too injured to fight recklessly!
You are too injured to fight recklessly!
You are too injured to fight recklessly!
The gnoll attacks as you move away! The gnoll hits you with a +0 spear.
* * * LOW HITPOINT WARNING * * *
The gnoll attacks as you move away!
The gnoll hits you but does no damage. x2
Unknown command.
Unknown command.
Unknown command.
Unknown command.
The gnoll attacks as you move away! The gnoll hits you with a +0 club.
* * * LOW HITPOINT WARNING * * *
Unknown command.
Unknown command.
Unknown command.
Okay, then.
It was a potion of magic.
Magic courses through your body.
The gnoll hits you but does no damage. x2
The gnoll hits you from afar with a +0 spear.
* * * LOW HITPOINT WARNING * * *
Unknown command.
As you read the scroll labelled YMYWYU DACA, it crumbles to dust.
It is a scroll of enchant armour.
Your +0 cloak glows green for a moment.
The gnoll hits you from afar with a +0 spear.
You die...

~,*****#......,..................
~,,,,**#.....#########.########..
~,,,,,*#.....##..................
~,,,,,,#.........#######.#####..#
~,,,,,,#..........# #..# #.##
,,,,,..#.......##.# ##.## #.#
,,,,,.......)#g.########8.8######
,,,,,..#.....##gg#.○.............
,,,,,,*#########@#.○.............
,,,,,,,* ###...........○...
,,,,,,,***********............☼..
,,,,,,,**,,,*,,,^*.°...........°.
,,,,,,,**,,,*,****............°°.
,,,,,,,**,,,*,****....○........○.
,,,,,,***,,,,,,,**...............
,,,,,** *,,,***,,*...............
****** *,,,******.............○.


You could see 3 gnolls.

Vanquished Creatures
  A jelly (Sewer)
  An iguana (D:5)
  A gnoll (D:5)
  2 adders (Sewer)
  2 river rats (Sewer)
  2 worms
  5 orcs (D:5)
  7 endoplasms (Sewer)
  4 giant cockroaches (Sewer)
  2 ball pythons (Sewer)
  4 frilled lizards (Sewer)
  8 rats
39 creatures vanquished.

Notes
Turn   | Place    | Note
-------+----------+-------------------------------------------
     0 | D:5      | drugrobin the Demigod Delver began the quest for the Orb.
     0 | D:5      | Reached XP level 1. HP: 18/18 MP: 3/3
    93 | D:5      | Found a glowing drain.
   142 | D:5      | Noticed an iguana
   158 | Sewer    | Entered a sewer
   201 | Sewer    | Reached XP level 2. HP: 24/25 MP: 4/4
   494 | Sewer    | Reached XP level 3. HP: 18/30 MP: 5/5
   843 | Sewer    | Identified the +4 plate armour of the Cockatrice {rC+ rCorr
                  | SInv}
   905 | Sewer    | Reached XP level 4. HP: 35/37 MP: 6/6
  1148 | D:5      | Found a staircase to the Ecumenical Temple.
  1211 | D:5      | Slain by a gnoll

Illustrated notes

Levels and vault maps discovered:
D:5:      layout_rooms, mainiacjoe_overflow_concentric_impassable,
          lemuel_temple_firewalk_b, portal_sewer_entry_b,
          nicolae_elevator_lobby_plus

Skill      XL: |  1  2  3  4 |
---------------+-------------+-----
Long Blades    | 2 3 4 |  4.3
Dodging        | 2 |  2.6
Fighting       | |  2.6
Stealth        | |  4.5

Action                   |  1- 3 |  4- 6 || total
-------------------------+-------+-------++-------
Melee: Falchion          |   110 |    36 ||   146
       Punch             |     1 |     1 ||     2
  Use: Scroll            |     2 |     1 ||     3
       Potion            |       |     1 ||     1
 Stab: Sleeping          |     3 |       ||     3
Armor: Leather armour    |    25 |       ||    25
       Plate armour      |     3 |    41 ||    44
Dodge: Dodged            |    53 |    10 ||    63

Table legend: (Time is in decaauts)
 A = Elapsed time spent in this place.
 B = Non-inter-level travel time spent in this place.
 C = Inter-level travel time spent in this place.
 D = Time resting spent in this place.
 E = Time spent auto-exploring this place.
 F = Levels seen in this place.
 G = Mean time per level.
                   A        B        C        D        E       F      G
               +--------+--------+--------+--------+--------+-----+--------+
         Total |   1294 |   1255 |     39 |    282 |    193 |   2 |  647.0 |
       Dungeon |    409 |    370 |     39 |     43 |     94 |   1 |  409.0 |
         Sewer |    885 |    885 |      0 |    239 |     98 |   1 |  885.0 |
               +--------+--------+--------+--------+--------+-----+--------+

Top non-repeatable levels by time:
   Sewer: 885 daAuts
     D:5: 409 daAuts
